 Dungeon Crawl Stone Soup version 0.30-a0-385-gfebfb9b408 (webtiles) character file.

Game seed: 17557564552324777369

63 Juicyj the Trooper (level 3, -4/33 HPs)
             Began as a Minotaur Fighter on Dec 2, 2022.
             Slain by a gnoll
             ... wielding a +0 spear
              (7 damage)
             ... on level 2 of the Dungeon.
             The game lasted 00:02:46 (1421 turns).

Juicyj the Trooper (Minotaur Fighter)               Turns: 1421, Time: 00:02:47

Health: -4/33      AC:  7    Str: 20 (22) XL:     3   Next: 87%
Magic:  2/2        EV:  9    Int:  5      God:
Gold:   74         SH:  5    Dex:  8 (11) Spells: 2/2 levels left

rFire   x . .      SeeInvis .    a - +0 trident
rCold   . . .      Faith    .    h - orb {mayhem}
rNeg    . . .      Spirit   .    b - +0 scale mail
rPois   .          Reflect  +    (helmet restricted)
rElec   .          Harm     .    (no cloak)
rCorr   +          Rampage  .    (no gloves)
Will    +....                    (no boots)
Stlth   ..........               f - amulet of reflection
HPRegen 0.25/turn                e - ring of the Original Sin {rF- Will+ rCorr Str+2}
MPRegen 0.08/turn                j - +4 ring of slaying

@: no status effects
A: horns 2, retaliatory headbutt
a: no special abilities


You were on level 2 of the Dungeon.
You visited 1 branch of the dungeon, and saw 2 of its levels.

You collected 74 gold pieces.

Inventory:

Hand Weapons
 a - a +0 trident (weapon)
Armour
 b - a +0 scale mail (worn)
 c - a +0 buckler
 h - an orb of mayhem (worn)
Jewellery
 e - the ring of the Original Sin (left hand) {rF- Will+ rCorr Str+2}
   (You acquired it on level 2 of the Dungeon)

   [ring of willpower]

   Str:       It affects your strength (+2).
   rF:        It makes you vulnerable to fire.
   rCorr:     It protects you from acid and corrosion.
   Will:      It increases your willpower.
 f - an amulet of reflection (around neck)
 j - a +4 ring of slaying (right hand)
 n - a ring of magical power
Potions
 d - a potion of might
 g - a potion of flight
 k - a potion of berserk rage {unknown}


   Skills:
 + Level 4.2 Fighting
 + Level 3.8 Polearms
 + Level 4.1 Armour
 + Level 0.1 Dodging
 + Level 4.0 Shields


You had 2 spell levels left.
You didn't know any spells.
Your spell library was empty.

Dungeon Overview and Level Annotations

Branches:
Dungeon (2/15)

Altars:


Innate Abilities, Weirdness & Mutations

You have a pair of horns on your head.
You reflexively headbutt those who attack you in melee.


Message History

You see here a +0 club.
A gnoll comes into view. It is wielding a +0 spear.
The gnoll shouts!
A gnoll is nearby!
A gnoll comes into view. It is wielding a +0 halberd.
The gnoll shouts!
A gnoll comes into view. It is wielding a +0 spear.
The gnoll shouts!
A gnoll comes into view. It is wielding a +0 spear.
You reach to attack!
You barely miss the gnoll.
The gnoll hits you from afar with a +0 spear.
You reach to attack!
You closely miss the gnoll.
The gnoll hits you from afar with a +0 spear.
You reach to attack!
You puncture the gnoll!
You kill the gnoll!
The gnoll flies into a frenzy!
The gnoll barely misses the gnoll. x2
You reach to attack!
You hit the gnoll.
The gnoll is moderately wounded.
The gnoll hits the gnoll from afar with a +0 spear!
The gnoll closely misses you.
The gnoll hits the gnoll from afar with a +0 spear.
The gnoll hits the gnoll from afar with a +0 spear!
The gnoll dies!
You block the gnoll's attack.
You feel your intelligence returning.
You reach to attack!
You hit the gnoll.
The gnoll is heavily wounded.
You block the gnoll's attack.
The gnoll hits the gnoll from afar with a +0 spear.
You reach to attack!
You hit the gnoll.
You kill the gnoll!
The gnoll hits you from afar with a +0 spear!
The gnoll hits you from afar with a +0 spear.
You are too injured to fight recklessly!
You are too injured to fight recklessly!
You are too injured to fight recklessly!
The gnoll hits you with a +0 spear!
* * * LOW HITPOINT WARNING * * *
The gnoll hits you with a +0 spear!
You die...

#.# #.# #.# #.# #.# #.#
#.#
*********##############.#
,,,,,,,,,.....)g@.......#
*********##############.#
#.# #.# #.# #.# #.# #)#
#.#


You could see a neutral gnoll (fast, strong, insane).

Vanquished Creatures
  2 gnolls (D:2)
  A worm (D:2)
  2 dart slugs (D:1)
  3 bats (D:2)
  2 endoplasms (D:1)
  A giant cockroach (D:2)
  A hobgoblin (D:1)
  4 kobolds
  A quokka (D:1)
  6 ball pythons
  4 frilled lizards
  A goblin (D:2)
  A rat (D:1)
29 creatures vanquished.

Vanquished Creatures (collateral kills)
  A gnoll (D:2)
1 creature vanquished.

Grand Total: 30 creatures vanquished

Notes
Turn   | Place    | Note
-------+----------+-------------------------------------------
     0 | D:1      | Juicyj the Minotaur Fighter began the quest for the Orb.
     0 | D:1      | Reached XP level 1. HP: 19/19 MP: 0/0
    83 | D:1      | Reached XP level 2. HP: 27/27 MP: 1/1
  1126 | D:2      | HP: 1/27 [worm (12)]
  1243 | D:2      | Reached XP level 3. HP: 33/33 MP: 2/2
  1284 | D:2      | Found a faded altar of an unknown god.
  1348 | D:2      | Identified a scroll of acquirement
  1348 | D:2      | Acquired the ring of the Original Sin {rF- Will+ rCorr
                  | Str+2}
  1421 | D:2      | Slain by a gnoll

Illustrated notes

Levels and vault maps discovered:
D:1:      amcnicky_arrival_choice, layout_basic, grunt_decor_resistance
D:2:      layout_basic, ebering_ecumenical_altar_hall, uniq_natasha

Skill      XL: |  1  2  3 |
---------------+----------+-----
Shields        | 4 |  4.0
Fighting       | 4 |  4.2
Armour         | 4 |  4.1
Polearms       | 3 |  3.8
Dodging        | |  0.1

Action                   || total
-------------------------++-------
Melee: Trident           ||    79
       Headbutt          ||     3
  Use: Potion            ||     4
       Scroll            ||     4
Armor: Scale mail        ||    24
Dodge: Dodged            ||    25
Block: Buckler           ||     4
       Orb               ||     2

Table legend: (Time is in decaauts)
 A = Elapsed time spent in this place.
 B = Non-inter-level travel time spent in this place.
 C = Inter-level travel time spent in this place.
 D = Time resting spent in this place.
 E = Time spent auto-exploring this place.
 F = Levels seen in this place.
 G = Mean time per level.
                   A        B        C        D        E       F      G
               +--------+--------+--------+--------+--------+-----+--------+
         Total |   1433 |   1394 |     39 |    102 |   1046 |   2 |  716.5 |
       Dungeon |   1433 |   1394 |     39 |    102 |   1046 |   2 |  716.5 |
               +--------+--------+--------+--------+--------+-----+--------+

Top non-repeatable levels by time:
     D:1: 897 daAuts
     D:2: 536 daAuts
